 Dungeon Crawl Stone Soup version 0.18-a0-1702-gd20c6a5 (webtiles) character file.

9820 4thArraOfDagon the Cleaver (level 11, -6/100 HPs)
             Began as a Hill Orc Berserker on Apr 6, 2016.
             Was a Priest of Trog.
             Mangled by a seven-headed hydra (9 damage)
             ... on level 12 of the Dungeon.
             The game lasted 00:14:23 (2690 turns).

4thArraOfDagon the Cleaver (Hill Orc Berserker)     Turns: 2690, Time: 00:14:24

Health: -6/100     AC: 16    Str: 24    XL:     11   Next: 52%
Magic:  16/16      EV:  9    Int:  7    God:    Trog [***...]
Gold:   331        SH:  0    Dex: 10    Spells: 0 memorised, 10 levels left

rFire  . . .     SeeInvis .     f - +0 war axe
rCold  . . .     Gourm    .     b - +1 chain mail
rNeg   . . .     Faith    .     (no shield)
rPois  .         Spirit   .     E - +0 helmet
rElec  .         Dismiss  .     (no cloak)
rCorr  .         Reflect  .     o - +0 pair of gloves
SustAt .         Harm     .     u - +0 pair of boots
MR     .....                    (no amulet)
Stlth  ..........               (no ring)
                                (no ring)

@: lethally poisoned (-6 -> -6), not resistant to hostile enchantments,
extremely unstealthy
A: no striking features
a: Berserk, Trog's Hand, Burn Spellbooks, Renounce Religion


You were on level 12 of the Dungeon.
You worshipped Trog.
Trog was most pleased with you.
You were not hungry.

You visited 1 branch of the dungeon, and saw 12 of its levels.
You also visited: Bailey.

You collected 331 gold pieces.

Inventory:

Hand Weapons
 a - a +1 hand axe
 f - a +0 war axe (weapon)
Armour
 b - a +1 chain mail (worn)
 o - a +0 pair of gloves (worn)
 q - a troll hide
 r - a mottled dragon hide
 u - a +0 pair of boots (worn)
 E - a +0 helmet (worn)
Jewellery
 l - an uncursed ring of teleportation
Wands
 e - a wand of iceblast (11/15)
 j - a wand of digging (12/24)
 B - a wand of flame (20/48)
Scrolls
 h - 5 scrolls of recharging
 k - 2 scrolls of enchant armour
 v - a scroll of fear {unknown}
 w - 3 scrolls of immolation {unknown}
 y - a scroll of remove curse
 C - 5 scrolls of identify
 D - 2 scrolls of holy word {unknown}
Potions
 d - a potion of flight
 g - a potion of magic
Comestibles
 c - 3 bread rations
 i - 4 chunks of flesh
 m - 2 beef jerkies
 z - a slice of pizza
 A - 7 fruits


   Skills:
 + Level 10.3 Fighting
 * Level 14.7 Axes
 + Level 9.3 Armour
 - Level 1.5 Dodging
 - Level 7.1 Evocations


You had 10 spell levels left.
You didn't know any spells.

Dungeon Overview and Level Annotations

Branches:
Dungeon (12/15)            Temple (0/1) D:4
   Lair: D:8-11         Orc: D:9-12

Altars:
Ashenzari
Dithmenos
Gozag

Annotations:
D:9 Joseph


Message History

Unknown command.
Unknown command.
Unknown command.
Unknown command.
Your skin stops crawling.
You feel less resistant to hostile enchantments.
Unknown command.
Read which item? (? for menu, Esc to quit)
Okay, then.
Read which item? (? for menu, Esc to quit)
As you read the scroll labeled VOLOTUESHRA, it crumbles to dust.
It is a scroll of amnesia.
You feel forgetful for a moment.
The seven-headed hydra bites you but does no damage.
The seven-headed hydra bites you!
* * * LOW HITPOINT WARNING * * *
The seven-headed hydra closely misses you.
The seven-headed hydra bites you but does no damage.
The seven-headed hydra bites you!
You die...

### ..#
#########.##
#..........#
#..........#
#......@...#
#......D...#
#........<.#
#.............#
#....[.....####
#..........#
############


You could see a seven-headed hydra.

Vanquished Creatures
  An unseen horror (D:10)
  Pikel (D:6)
  A hill giant (D:10)
  A deep elf archer (Bailey)
  9 deep elf magi (Bailey)
  A centaur zombie (D:11)
  A gargoyle (D:11)
  A troll (D:6)
  A wyvern (D:8)
  A hippogriff (D:10)
  A sky beast (D:11)
  An ogre (D:6)
  3 orc warriors
  3 slaves (D:6)
  3 necrophages
  A phantom (D:8)
  7 centaurs
  A big kobold (D:7)
  3 giant frogs
  A scorpion (D:11)
  16 killer bees
  A wight (D:7)
  2 howler monkeys
  A crimson imp (D:10)
  2 hounds
  A jelly (D:11)
  7 orc wizards
  4 orc priests
  A giant frog skeleton (D:10)
  Ijyb (D:3)
  5 worker ants
  A mummy (D:7)
  A howler monkey zombie (D:7)
  A worker ant zombie (D:7)
  4 gnolls (D:7)
  3 adders
  An ooze (D:1)
  An adder zombie (D:7)
  An adder skeleton (D:6)
  2 giant geckos
  14 orcs
  2 bats (D:1)
  2 giant cockroaches
  11 goblins
  5 hobgoblins
  11 jackals
  7 kobolds (D:7)
  A quokka (D:11)
  2 giant gecko skeletons
  A jackal skeleton (D:5)
  A rat (D:3)
155 creatures vanquished.

Notes
Turn   | Place    | Note
--------------------------------------------------------------
     0 | D:1      | 4thArraOfDagon the Hill Orc Berserker began the quest for the Orb.
     0 | D:1      | Reached XP level 1. HP: 19/19 MP: 1/1
    69 | D:1      | Reached XP level 2. HP: 27/27 MP: 2/2
   137 | D:3      | Noticed Ijyb
   145 | D:3      | Killed Ijyb
   145 | D:3      | Reached skill level 5 in Axes
   145 | D:3      | Reached XP level 3. HP: 33/33 MP: 3/3
   284 | D:4      | Reached ** piety under Trog
   287 | D:4      | Reached XP level 4. HP: 41/41 MP: 4/4
   328 | D:4      | Found a staircase to the Ecumenical Temple.
   342 | D:5      | Entered Level 5 of the Dungeon
   419 | D:5      | Reached XP level 5. HP: 47/47 MP: 5/5
   507 | D:5      | Found a shattered altar of Ashenzari.
   526 | D:5      | Reached skill level 6 in Axes
   611 | D:6      | Noticed an ogre
   612 | D:6      | Noticed a centaur
   619 | D:6      | Reached skill level 1 in Evocations
   621 | D:6      | Killed a centaur
   621 | D:6      | Reached skill level 5 in Fighting
   621 | D:6      | Reached XP level 6. HP: 49/56 MP: 5/7
   694 | D:6      | Reached skill level 7 in Axes
   735 | D:6      | Noticed a slave
   736 | D:6      | Noticed a slave
   737 | D:6      | Noticed a slave
   738 | D:6      | Noticed Pikel
   739 | D:6      | Noticed a slave
   747 | D:6      | Reached XP level 7. HP: 61/61 MP: 8/8
   754 | D:6      | Reached skill level 8 in Axes
   765 | D:6      | Killed Pikel
   765 | D:6      | Reached skill level 9 in Axes
   765 | D:6      | Reached skill level 5 in Armour
   765 | D:6      | Reached XP level 8. HP: 58/71 MP: 8/10
   797 | D:6      | Noticed a troll
   825 | D:6      | Killed a troll
   928 | D:7      | Reached skill level 10 in Axes
   994 | D:7      | Found an opulent altar of Gozag.
  1011 | D:7      | Reached XP level 9. HP: 77/77 MP: 12/12
  1037 | D:7      | :(
  1161 | D:7      | Found a flagged portal.
  1173 | Bailey   | Entered a bailey
  1180 | Bailey   | Noticed a deep elf mage
  1188 | Bailey   | Killed a deep elf mage
  1245 | Bailey   | Noticed a deep elf mage
  1247 | Bailey   | Noticed a deep elf mage
  1279 | Bailey   | Killed a deep elf mage
  1279 | Bailey   | Reached skill level 11 in Axes
  1279 | Bailey   | Reached skill level 5 in Evocations
  1294 | Bailey   | Killed a deep elf mage
  1333 | Bailey   | Noticed a deep elf mage
  1334 | Bailey   | Noticed a deep elf mage
  1335 | Bailey   | Noticed a deep elf mage
  1354 | Bailey   | Killed a deep elf mage
  1354 | Bailey   | Reached skill level 12 in Axes
  1354 | Bailey   | Reached XP level 10. HP: 90/90 MP: 14/14
  1358 | Bailey   | Killed a deep elf mage
  1360 | Bailey   | Killed a deep elf mage
  1393 | Bailey   | Noticed a deep elf mage
  1404 | Bailey   | Noticed a deep elf mage
  1416 | Bailey   | Killed a deep elf mage
  1420 | Bailey   | Killed a deep elf mage
  1420 | Bailey   | Reached *** piety under Trog
  1485 | Bailey   | Noticed a deep elf mage
  1500 | Bailey   | Killed a deep elf mage
  1500 | Bailey   | Reached skill level 13 in Axes
  1539 | Bailey   | Noticed a deep elf archer
  1547 | Bailey   | hows that possible
  1561 | Bailey   | Killed a deep elf archer
  1675 | D:6      | Found a shadowy altar of Dithmenos.
  1900 | D:8      | Reached XP level 11. HP: 89/99 MP: 16/16
  2018 | D:9      | Noticed Joseph
  2028 | D:10     | Entered Level 10 of the Dungeon
  2060 | D:10     | Noticed a hill giant
  2069 | D:10     | Killed a hill giant
  2176 | D:11     | Reached skill level 14 in Axes
  2190 | D:11     | Reached skill level 10 in Fighting
  2531 | D:10     | Killed an unseen horror
  2643 | D:11     | PATHETIC
  2644 | D:11     | Gained mutation: Potions and wands are less effective at restoring your health. [potion of mutation]
  2644 | D:11     | Gained mutation: You are resistant to hostile enchantments. [potion of mutation]
  2644 | D:11     | Gained mutation: You are partially covered in icy blue scales (AC +1). [potion of mutation]
  2645 | D:11     | Lost mutation: Potions and wands are less effective at restoring your health. [potion of cure mutation]
  2645 | D:11     | Lost mutation: You are resistant to hostile enchantments. [potion of cure mutation]
  2645 | D:11     | Lost mutation: You are partially covered in icy blue scales (AC +1). [potion of cure mutation]
  2648 | D:11     | HP: 5/100 [killer bee (6)]
  2653 | D:11     | HP: 3/100 [poisoned by a killer bee]
  2658 | D:11     | HP: 4/100 [poisoned by a killer bee]
  2663 | D:11     | HP: 5/100 [poisoned by a killer bee]
  2685 | D:11     | Noticed a seven-headed hydra
  2690 | D:12     | HP: 3/100 [seven-headed hydra (7)]
  2690 | D:12     | Mangled by a seven-headed hydra

Vault maps used:
D:1:      nicolae_arrival_washed_ashore, st_stairs_7
D:2:      bloody_trog, johnstein_pakellas_dig, ecumenical_altar_1, first_bread
D:3:      grunt_temple_overflow_magic_moments, lemuel_coloured_pillars_altar,
          uniq_grinder, uniq_iyjb
D:4:      kennysheep_the_goblin_king, minmay_temple_entry_water_ring,
          serial_shops, shop
D:5:      kennysheep_ying_yang, evilmike_ruin_ashenzari, serial_shops,
          nicolae_shop_stone, serial_co_window_serial, co_window_cross_1,
          co_window_corner_a, co_window_of_opportunity_a, co_window_paths_b,
          co_window_corner_a, co_window_corner_a, co_window_corner_a,
          co_window_unsneaky_path_d, co_window_paths_c, co_window_2corner,
          co_window_corner_cb, glass_columns_c
D:6:      nicolae_dithmenos_shadow_blocks, uniq_pikel
D:7:      serial_undead, serial_undead_f, serial_undead_e, serial_undead_a,
          serial_undead_d, enter_bailey_3, basic_altar, the_bakery
D:8:      nicolae_qazlal_general_emergency, uniq_erolcha
D:9:      bloody_makhleb, minmay_lair_entry_lava, uniq_joseph, uniq_grum
D:10:     serial_bayou_pond_d, st_stairs_7
D:11:     minivault_7
D:12:     david_orc_4, special_room, minmay_misc_feat_chi, uniq_maurice
Bailey:   bailey_polearm_3, bailey

Skill      XL: |  1  2  3  4  5  6  7  8  9 10 11 |
---------------+----------------------------------+-----
Fighting       | 4 5 6 7 8 9 10 | 10.3
Axes           | 5 6 7 9 10 12 13 14 | 14.7
Armour         | 3 4 5 7 8 9 |  9.3
Evocations     | 1 2 3 4 5 6 7 |  7.1
Dodging        | |  1.5

Action                   |  1- 3 |  4- 6 |  7- 9 | 10-12 || total
-------------------------+-------+-------+-------+-------++-------
Melee: Hand axe          |    49 |    57 |   137 |   321 ||   564
Invok: Berserk           |     3 |     6 |     7 |    12 ||    28
       Trog's Hand       |       |     3 |     5 |    16 ||    24
       Burn Spellbooks   |       |       |       |     2 ||     2
Evoke: Wand              |       |       |       |     8 ||     8
  Use: Scroll            |       |     2 |     5 |     2 ||     9
       Potion            |       |       |     2 |     7 ||     9
  Eat: Chunk             |       |     8 |    11 |    20 ||    39
